AoeStats
← De1moS

Fortress

512626574Analyzed
1v1 RM · 9d ago on Oct 10, 2026· 23m 47s· 2 players
Game mode
Random Map
Map size
Small (3 player)
Population
200
Speed
Normal
Resources
Standard
Victory
Conquest
Starting age
Dark Age
Ending age
Imperial Age
RankedLock teamsTeams togetherTeam positionsShared explorationLock speedFull tech treeHidden civsTurbo modeCheats
Victory
Defeat
🇧🇷 Italians · Brazil
1203
+14
vs
🇮🇳 Bengalis · India
1168
-14
De1moS
7:42 Feudal Age
11:23 Castle Age
9:19 Double-Bit Axe
10:14 Horse Collar
11:12 Wheelbarrow
11:49 Town Watch
12:27 Bow Saw
14:13 Sanctity
14:19 Heavy Plow
21:11 Devotion
22:51 Atonement
Grogu
4:34 Loom
6:33 Feudal Age
10:28 Castle Age
8:20 Man-at-Arms
10:11 Double-Bit Axe
10:07 Horse Collar
11:04 Long Swordsman
12:28 Squires
21:04 Sanctity
Connection lost

Rejoining the realm…

Still unreachable

The connection could not be restored.

Session expired

The server has moved on; the page needs a fresh start.